 Dungeon Crawl Stone Soup version 0.23-a0-32-g1388f29e54 (webtiles) character file.

38751 Morrissey the Martial Artist (level 14, -4/129 HPs)
             Began as a Gnoll Transmuter on Dec 10, 2017.
             Was the Champion of Makhleb.
             Slain by a spiny frog (20 damage)
             ... on level 6 of the Lair of Beasts on Aug 4, 2018.
             The game lasted 00:38:37 (16937 turns).

Morrissey the Martial Artist (Gnoll Transmuter)    Turns: 16937, Time: 00:38:38

Health: -4/129     AC:  7    Str: 13    XL:     14   Next: 3%
Magic:  25/28      EV: 17    Int: 17    God:    Makhleb [******]
Gold:   1134       SH:  0    Dex: 19    Spells: 16/33 levels left

rFire    x . .     SeeInvis +     - Unarmed
rCold    + + +     Gourm    .   (shield currently unavailable)
rNeg     . . .     Faith    .   (armour currently unavailable)
rPois    +         Spirit   .   (helmet currently unavailable)
rElec    .         Reflect  .   (cloak currently unavailable)
rCorr    .         Harm     .   (gloves currently unavailable)
MR       +....                  (boots currently unavailable)
Stlth    ++++......             f - amulet of regeneration
HPRegen  0.71/turn              t - ring of see invisible
MPRegen  0.21/turn              S - ring of poison resistance

@: ice-form
A: large, distributed training, strong nose
a: End Transformation, Minor Destruction, Lesser Servant of Makhleb, Major
Destruction, Greater Servant of Makhleb, Renounce Religion


You were on level 6 of the Lair of Beasts.
You worshipped Makhleb.
Makhleb was exalted by your worship.
You were not hungry.
You were a creature of crystalline ice.
You visited 2 branches of the dungeon, and saw 19 of its levels.

You collected 1372 gold pieces.
You spent 238 gold pieces at shops.

Inventory:

Missiles
 b - 8 arrows
Armour
 r - a +0 troll leather armour (melded)
 z - a +0 cloak (melded)
 K - a +1 pair of boots of flying (melded)
 M - a +0 pair of gloves (melded)
 W - a +1 hat (melded)
Jewellery
 f - an amulet of regeneration (around neck)
 g - a +3 amulet of reflection
 t - a ring of see invisible (left front paw)
 S - a ring of poison resistance (right front paw)
Wands
 a - a wand of acid (10)
 s - a wand of disintegration (14)
 y - a wand of random effects (29)
 B - a wand of paralysis (7)
 D - a wand of scattershot (6)
 Z - a wand of flame (48)
Scrolls
 e - 5 scrolls of blinking {unknown}
 i - 3 scrolls of enchant weapon {unknown}
 k - 6 scrolls of remove curse
 m - 4 scrolls of teleportation {unknown}
 v - 3 scrolls of immolation {unknown}
 C - 5 scrolls of enchant armour {unknown}
 E - 2 scrolls of magic mapping {unknown}
 H - a scroll of holy word
 T - 4 scrolls of fear {unknown}
 X - 4 scrolls of amnesia
Potions
 l - 2 potions of resistance
 n - 4 potions of heal wounds
 q - a potion of mutation
 u - 8 potions of curing
 w - 3 potions of berserk rage {unknown}
 G - 3 potions of might
 I - 2 potions of brilliance {unknown}
 J - 3 potions of agility
 O - a potion of cancellation
 Q - 3 potions of magic {unknown}
 R - 2 potions of degeneration {unknown}
 U - 3 potions of ambrosia {unknown}
 V - a potion of haste
Comestibles
 c - 10 chunks of flesh
 d - 14 rations
 j - 4 rations
 o - 3 rations
 A - 9 rations


   Skills:
 + Level 9.1 Fighting
 + Level 8.7 Short Blades
 + Level 8.7 Long Blades
 + Level 8.7 Axes
 + Level 8.7 Maces & Flails
 + Level 8.7 Polearms
 + Level 8.7 Staves
 + Level 8.7 Slings
 + Level 8.7 Bows
 + Level 8.7 Crossbows
 + Level 8.7 Throwing
 + Level 8.7 Armour
 + Level 9.8 Dodging
 + Level 8.7 Stealth
 + Level 8.7 Shields
 + Level 10.8 Unarmed Combat
 + Level 10.0 Spellcasting
 + Level 7.2 Conjurations
 + Level 7.2 Hexes
 + Level 7.2 Charms
 + Level 7.2 Summonings
 + Level 7.2 Necromancy
 + Level 7.2 Translocations
 + Level 8.2 Transmutations
 + Level 7.2 Fire Magic
 + Level 7.2 Ice Magic
 + Level 7.2 Air Magic
 + Level 7.2 Earth Magic
 + Level 7.2 Poison Magic
 + Level 9.4 Invocations
 + Level 8.7 Evocations


You had 16 spell levels left.
You knew the following spells:

 Your Spells              Type           Power        Failure   Level  Hunger
a - Beastly Appendage     Tmut           #####.       1%          1    None
b - Spider Form           Tmut/Pois      ####......   1%          3    None
c - Ice Form              Ice/Tmut       ####....     3%          4    ###....
d - Blade Hands           Tmut           #####.....   8%          5    #####..
e - Blink                 Tloc           N/A          1%          2    None
f - Call Imp              Summ           ####....     1%          2    None

Your spell library contained the following spells:

 Spells                   Type           Power        Failure   Level  Hunger
 Magic Dart               Conj           ####         1%          1    None
 Apportation              Tloc           ####..       1%          1    None
 Conjure Flame            Conj/Fire      ####....     1%          3    None
 Lightning Bolt           Conj/Air       ####......   12%         5    #####..
 Slow                     Hex            ####....     1%          2    None
 Confuse                  Hex            ####....     1%          3    None
 Mephitic Cloud           Conj/Pois/Air  ####....     1%          3    None
 Summon Small Mammal      Summ           ####         1%          1    None
 Animate Dead             Necr           N/A          4%          4    ###....
 Pain                     Necr           ####         1%          1    None
 Animate Skeleton         Necr           N/A          1%          1    None
 Vampiric Draining        Necr           ####......   1%          3    None
 Regeneration             Chrm/Necr      ####......   1%          3    None
 Confusing Touch          Hex            ####..       1%          1    None
 Sticks to Snakes         Tmut           #####...     1%          2    None
 Metabolic Englaciation   Hex/Ice        ####......   12%         5    #####..
 Static Discharge         Conj/Air       ####....     1%          3    None
 Petrify                  Tmut/Erth      ####....     3%          4    ###....
 Shroud of Golubria       Chrm/Tloc      ####......   1%          2    None
 Gell's Gravitas          Tloc           ####......   1%          3    None
 Yara's Violent Unravell  Hex/Tmut       ####......   10%         5    #####..


Dungeon Overview and Level Annotations

Branches:
Dungeon (13/15)            Temple (0/1) D:4            Lair (6/6) D:10
  Swamp (0/4) Lair:4       Spider (0/4) Lair:2          Orc (0/2) D:12
  Slime: Lair:5-6    Vaults: D:13-14

Altars:
Ashenzari
Cheibriados
Dithmenos
Elyvilon
Fedhas
Gozag
Hepliaklqana
Makhleb
Okawaru
Qazlal
Sif Muna
Trog
Xom
Zin
The Shining One

Shops:
D:5 (   D:10 *   D:13 %

Annotations:
D:5 exclusion: 2 doors
Lair:1 exclusion: downstairs
Lair:2 exclusion: 4 oklob plants
Lair:3 exclusion: oklob plant


Innate Abilities, Weirdness & Mutations

Your experience applies equally to all skills.
((You have very sharp teeth.))
Your uncanny sense of smell can sniff out nearby items.


Message History

You hit the lindwurm but do no damage.
The lindwurm is almost dead.
The lindwurm breathes flames at you. The blast of flame hits you!
The fire burns you terribly!
* * * LOW HITPOINT WARNING * * *
You hit the lindwurm but do no damage.
The lindwurm is almost dead.
The lindwurm closely misses you.
The lindwurm claws you but does no damage.
The lindwurm completely misses you.
You barely miss the lindwurm.
The lindwurm is almost dead.
The spiny frog barely misses you.
You hit the lindwurm. You freeze the lindwurm.
The lindwurm is almost dead.
The lindwurm completely misses you. The lindwurm barely misses you.
The lindwurm claws you.
* * * LOW HITPOINT WARNING * * *
The spiny frog stings you!!
You die...

.....................##
....................P.#
.....................P#
.(....................#
......................#
......................#
###..###..##..........#
# #### #######.......##
##.Y.....# #..Fk...##
#........# #?.......#
#........# .#......##
##........ ........#


You could see a lindwurm and a spiny frog.

Vanquished Creatures
  3 hydras
  Harold (D:10)
  A centaur warrior (D:13)
  A catoblepas (Lair:6)
  4 death yaks (Lair:3)
  A two-headed ogre (D:13)
  Nergalle (Lair:2)
  Pikel (D:6)
  2 cyclopes (D:11)
  An ugly thing (D:13)
  A black mamba (Lair:1)
  A torpor snail (Lair:6)
  2 centaur zombies
  7 spiny frogs
  4 rime drakes
  2 komodo dragons
  5 trolls
  2 jumping spiders (Lair:2)
  5 dream sheep (Lair:6)
  7 hippogriffs
  19 blink frogs
  7 redbacks (Lair:2)
  3 shadows
  A spriggan (D:7)
  A vampire (D:13)
  24 yaks
  A wyvern (Lair:5)
  6 humans
  3 wraiths
  A steam dragon (Lair:3)
  2 vampire mosquitoes (D:13)
  2 hungry ghosts
  Edmund (D:6)
  4 swamp worms (Lair:4)
  7 water moccasins
  10 porcupines
  4 orc warriors
  4 sky beasts
  An eye of draining (D:13)
  3 ice beasts
  A necrophage (D:12)
  A phantom (D:13)
  A black bear (D:12)
  3 slaves (D:6)
  6 ogres
  8 crocodiles
  9 centaurs
  3 big kobolds
  17 bullfrogs
  A wyvern zombie (D:9)
  2 gnoll sergeants
  8 scorpions
  9 killer bees
  4 wights (D:12)
  9 howler monkeys
  An electric eel (Lair:4)
  5 crimson imps
  2 bullfrog zombies
  3 quasits
  11 orc wizards
  5 hounds
  A gnoll shaman (D:9)
  4 orc priests
  2 jellies
  2 centaur skeletons
  An iguana (D:5)
  9 worker ants
  A howler monkey zombie (D:6)
  2 worker ant zombies (D:5)
  16 gnolls
  A howler monkey skeleton (D:5)
  21 adders
  2 shadow imps
  3 oozes
  A worm zombie (D:6)
  An adder skeleton (D:7)
  An adder zombie (D:9)
  2 worms
  2 dart slugs
  6 leopard geckos
  29 orcs
  4 giant cockroaches
  7 goblins
  6 hobgoblins
  12 jackals
  20 kobolds
  3 quokkas
  2 ball pythons
  8 bats
  3 frilled lizards (D:2)
  A jackal skeleton (D:4)
  A jackal zombie (D:5)
  2 leopard gecko skeletons (D:4)
  6 rats
447 creatures vanquished.

Vanquished Creatures (others)
  An orc wizard (D:9)
  A fungus (Lair:3)
  4 plants
6 creatures vanquished.

Grand Total: 453 creatures vanquished

Notes
Turn   | Place    | Note
-------+----------+-------------------------------------------
     0 | D:1      | Morrissey the Gnoll Transmuter began the quest for the Orb.
     0 | D:1      | Reached XP level 1. HP: 17/17 MP: 6/6
   136 | D:1      | Reached XP level 2. HP: 23/23 MP: 5/7
   443 | D:1      | Reached XP level 3. HP: 22/28 MP: 7/9
   594 | D:1      | Reached skill level 5 in Spellcasting
   846 | D:1      | Learned a level 3 spell: Spider Form
  1002 | D:2      | Reached skill level 1 in Invocations
  1162 | D:2      | Found a faded altar of an unknown god.
  1167 | D:2      | Reached skill level 1 in Short Blades
  1167 | D:2      | Reached skill level 1 in Long Blades
  1167 | D:2      | Reached skill level 1 in Axes
  1167 | D:2      | Reached skill level 1 in Maces & Flails
  1167 | D:2      | Reached skill level 1 in Polearms
  1167 | D:2      | Reached skill level 1 in Staves
  1167 | D:2      | Reached skill level 1 in Slings
  1167 | D:2      | Reached skill level 1 in Bows
  1167 | D:2      | Reached skill level 1 in Crossbows
  1167 | D:2      | Reached skill level 1 in Throwing
  1167 | D:2      | Reached skill level 1 in Armour
  1167 | D:2      | Reached skill level 1 in Stealth
  1167 | D:2      | Reached skill level 1 in Shields
  1167 | D:2      | Reached skill level 1 in Evocations
  1170 | D:2      | Reached XP level 4. HP: 23/34 MP: 9/11
  1282 | D:2      | Found a bloodstained altar of Trog.
  1456 | D:2      | Reached skill level 1 in Conjurations
  1456 | D:2      | Reached skill level 1 in Hexes
  1456 | D:2      | Reached skill level 1 in Charms
  1456 | D:2      | Reached skill level 1 in Summonings
  1456 | D:2      | Reached skill level 1 in Necromancy
  1456 | D:2      | Reached skill level 1 in Translocations
  1456 | D:2      | Reached skill level 1 in Fire Magic
  1456 | D:2      | Reached skill level 1 in Ice Magic
  1456 | D:2      | Reached skill level 1 in Air Magic
  1456 | D:2      | Reached skill level 1 in Earth Magic
  1456 | D:2      | Reached skill level 1 in Poison Magic
  1754 | D:2      | Found a snail-covered altar of Cheibriados.
  1866 | D:3      | Found a blossoming altar of Fedhas.
  1932 | D:3      | Reached XP level 5. HP: 40/40 MP: 12/12
  2121 | D:3      | Noticed an ice beast
  2143 | D:3      | Killed an ice beast
  2143 | D:3      | Reached XP level 6. HP: 44/47 MP: 7/13
  2263 | D:3      | Found a hazy altar of Hepliaklqana.
  2567 | D:4      | Reached skill level 5 in Dodging
  2606 | D:4      | Found a burning altar of Makhleb.
  2757 | D:4      | Found a bloodstained altar of Trog.
  2893 | D:4      | Became a worshipper of Makhleb the Destroyer
  3050 | D:4      | Found a staircase to the Ecumenical Temple.
  3311 | D:5      | Entered Level 5 of the Dungeon
  3377 | D:5      | Found a stormy altar of Qazlal.
  3416 | D:5      | Reached XP level 7. HP: 41/52 MP: 12/15
  3461 | D:5      | Found a shimmering altar of Xom.
  3625 | D:5      | Found a shattered altar of Ashenzari.
  3805 | D:5      | Found Oceczeph's Antique Weapon Shoppe.
  3982 | D:5      | Found a shadowy altar of Dithmenos.
  4831 | D:6      | Noticed Edmund
  4847 | D:6      | Killed Edmund
  5038 | D:6      | Reached XP level 8. HP: 50/60 MP: 13/16
  5118 | D:6      | Found a white marble altar of Elyvilon.
  5118 | D:6      | Found a glowing golden altar of the Shining One.
  5272 | D:6      | Noticed a troll
  5286 | D:6      | Killed a troll
  5304 | D:6      | Learned a level 4 spell: Ice Form
  5310 | D:6      | Learned a level 5 spell: Blade Hands
  5362 | D:6      | Found an opulent altar of Gozag.
  5711 | D:7      | Noticed Pikel
  5937 | D:6      | Killed Pikel
  5937 | D:6      | Reached skill level 5 in Transmutations
  5937 | D:6      | Reached XP level 9. HP: 59/66 MP: 16/18
  6283 | D:7      | Reached * piety under Makhleb
  6640 | D:7      | Reached skill level 5 in Fighting
  7203 | D:8      | Found an iron altar of Okawaru.
  7207 | D:8      | Learned a level 2 spell: Blink
  7210 | D:8      | Learned a level 2 spell: Call Imp
  7230 | D:8      | Reached skill level 5 in Invocations
  7662 | D:8      | Reached XP level 10. HP: 74/74 MP: 16/20
  7705 | D:8      | Found a deep blue altar of Sif Muna.
  7799 | D:8      | Found a glowing silver altar of Zin.
  8121 | D:9      | Reached skill level 5 in Short Blades
  8121 | D:9      | Reached skill level 5 in Long Blades
  8121 | D:9      | Reached skill level 5 in Axes
  8121 | D:9      | Reached skill level 5 in Maces & Flails
  8121 | D:9      | Reached skill level 5 in Polearms
  8121 | D:9      | Reached skill level 5 in Staves
  8121 | D:9      | Reached skill level 5 in Slings
  8121 | D:9      | Reached skill level 5 in Bows
  8121 | D:9      | Reached skill level 5 in Crossbows
  8121 | D:9      | Reached skill level 5 in Throwing
  8121 | D:9      | Reached skill level 5 in Armour
  8121 | D:9      | Reached skill level 5 in Stealth
  8121 | D:9      | Reached skill level 5 in Shields
  8121 | D:9      | Reached skill level 5 in Evocations
  8283 | D:9      | Reached ** piety under Makhleb
  8904 | D:10     | Entered Level 10 of the Dungeon
  8942 | D:10     | Found a staircase to the Lair.
  9117 | D:10     | Reached *** piety under Makhleb
  9333 | D:10     | Reached XP level 11. HP: 75/82 MP: 17/22
  9401 | D:10     | Noticed Harold
  9411 | D:10     | Killed Harold
  9566 | D:10     | Found Poijat's Assorted Antiques.
  9573 | D:10     | Bought an embroidered hat for 238 gold pieces
  9747 | D:11     | Noticed a cyclops
  9763 | D:11     | Killed a cyclops
  9770 | D:11     | Reached skill level 5 in Conjurations
  9770 | D:11     | Reached skill level 5 in Hexes
  9770 | D:11     | Reached skill level 5 in Charms
  9770 | D:11     | Reached skill level 5 in Summonings
  9770 | D:11     | Reached skill level 5 in Necromancy
  9770 | D:11     | Reached skill level 5 in Translocations
  9770 | D:11     | Reached skill level 5 in Fire Magic
  9770 | D:11     | Reached skill level 5 in Ice Magic
  9770 | D:11     | Reached skill level 5 in Air Magic
  9770 | D:11     | Reached skill level 5 in Earth Magic
  9770 | D:11     | Reached skill level 5 in Poison Magic
  9885 | D:11     | Identified a scroll of acquirement
  9922 | D:11     | Identified Morrissey's Collected Works on Gliding Aid (You acquired it on level 11 of the Dungeon)
  9985 | D:11     | Noticed a cyclops
 10010 | D:11     | Killed a cyclops
 10202 | D:11     | Reached **** piety under Makhleb
 10800 | D:12     | Found a staircase to the Orcish Mines.
 11098 | D:13     | Reached ***** piety under Makhleb
 11193 | D:13     | Reached XP level 12. HP: 91/91 MP: 1/24
 11196 | D:13     | Noticed a centaur warrior
 11207 | D:13     | Noticed a two-headed ogre
 11213 | D:13     | Killed a centaur warrior
 11221 | D:13     | Killed a two-headed ogre
 11550 | D:13     | Found Buamiust's Food Shoppe.
 12001 | Lair:1   | Entered Level 1 of the Lair of Beasts
 12588 | Lair:1   | Got a faintly glowing scale mail
 12602 | Lair:1   | Identified the cursed +0 scale mail of the Buccaneer {*Slow rElec rCorr Int+5} (You found it on level 1 of the Lair of Beasts)
 12996 | Lair:2   | Noticed Nergalle
 13006 | Lair:2   | Killed Nergalle
 13047 | Lair:2   | Reached skill level 10 in Unarmed Combat
 13464 | Lair:2   | Found a hole to the Spider Nest.
 13474 | Lair:2   | Reached XP level 13. HP: 98/98 MP: 26/26
 15351 | Lair:4   | Found a staircase to the Swamp.
 15484 | Lair:4   | Upgraded the game from 0.21-a0-529-g8c7b3f5d53 to 0.21-a0-591-g2314aa112c
 15877 | Lair:5   | Upgraded the game from 0.21-a0-591-g2314aa112c to 0.21-a0-633-g4c047d5f35
 16229 | Lair:6   | Entered Level 6 of the Lair of Beasts
 16368 | Lair:6   | Reached ****** piety under Makhleb
 16484 | Lair:6   | HP: 5/101 [eight-headed hydra (5)]
 16747 | Lair:6   | Reached skill level 10 in Spellcasting
 16870 | Lair:6   | Reached XP level 14. HP: 108/108 MP: 23/28
 16937 | Lair:6   | Slain by a spiny frog

Vault maps used:
D:1:      dpeg_arrival_renting, corner_web_ring
D:2:      marbit_many_paths, lightli_temple_of_fire,
          chequers_ecumenical_altar_island, minmay_pentomino_q4
D:3:      nicolae_overflow_crystal_walls, lemuel_round_altar, serial_curves,
          eino_curves_04, eino_curves_02, kennysheep_generic_room_6
D:4:      lemuel_crystal_altar, minmay_temple_entry_statues_pillars,
          grunt_decor_cap, minmay_misc_feat_roman, trog_three_pillars_becter
D:5:      cheibrodos_two_vegetables, old_standard_altar, lemuel_crystal_altar,
          xom_butterflies, evilmike_ruin_ashenzari, first_bread, serial_shops,
          shop, corexii_corridor_pit
D:6:      gammafunk_temple_overflow_statue, lemuel_doored_altar,
          enter_ossuary_3, uniq_edmund
D:7:      the_bakery, st_stairs_12, uniq_pikel
D:8:      kennysheep_mini, old_standard_altar, led_sif_pool, okawaru_humans
D:10:     grunt_lair_entry_orc_guard_hut, serial_shops, shop, uniq_harold
D:12:     orc_0_dummy, uniq_urug
D:13:     grunt_vaults_entry_tiered, serial_shops, nicolae_shop_stone
Lair:2:   nicolae_spider_entry_tight_spaces, minmay_lair_oklob_chamber,
          uniq_nergalle
Lair:3:   grunt_megastairs_5
Lair:4:   nicolae_swamp_entry_splash_gauntlet, lemuel_fruit_tree
Lair:6:   evilmike_catoblepas_cave, slime_altar_2

Skill      XL: |  1  2  3  4  5  6  7  8  9 10 11 12 13 |
---------------+----------------------------------------+-----
Spellcasting   | 5 6 7 8 9 10 | 10.0
Invocations    | 1 2 3 4 5 6 7 8 9 |  9.4
Short Blades   | 1 2 3 4 5 6 7 8 |  8.7
Long Blades    | 1 2 3 4 5 6 7 8 |  8.7
Axes           | 1 2 3 4 5 6 7 8 |  8.7
Maces & Flails | 1 2 3 4 5 6 7 8 |  8.7
Polearms       | 1 2 3 4 5 6 7 8 |  8.7
Staves         | 1 2 3 4 5 6 7 8 |  8.7
Slings         | 1 2 3 4 5 6 7 8 |  8.7
Bows           | 1 2 3 4 5 6 7 8 |  8.7
Crossbows      | 1 2 3 4 5 6 7 8 |  8.7
Throwing       | 1 2 3 4 5 6 7 8 |  8.7
Armour         | 1 2 3 4 5 6 7 8 |  8.7
Stealth        | 1 2 3 4 5 6 7 8 |  8.7
Shields        | 1 2 3 4 5 6 7 8 |  8.7
Evocations     | 1 2 3 4 5 6 7 8 |  8.7
Conjurations   | 1 2 3 4 5 6 7 |  7.2
Hexes          | 1 2 3 4 5 6 7 |  7.2
Charms         | 1 2 3 4 5 6 7 |  7.2
Summonings     | 1 2 3 4 5 6 7 |  7.2
Necromancy     | 1 2 3 4 5 6 7 |  7.2
Translocations | 1 2 3 4 5 6 7 |  7.2
Fire Magic     | 1 2 3 4 5 6 7 |  7.2
Ice Magic      | 1 2 3 4 5 6 7 |  7.2
Air Magic      | 1 2 3 4 5 6 7 |  7.2
Earth Magic    | 1 2 3 4 5 6 7 |  7.2
Poison Magic   | 1 2 3 4 5 6 7 |  7.2
Fighting       | 3 4 5 6 7 8 9 |  9.1
Transmutations | 4 5 6 7 8 |  8.2
Dodging        | 5 6 7 8 9 |  9.8
Unarmed Combat | 7 8 9 10 | 10.8

Action                   |  1- 3 |  4- 6 |  7- 9 | 10-12 | 13-15 || total
-------------------------+-------+-------+-------+-------+-------++-------
Melee: Unarmed           |    95 |   144 |   339 |   775 |   311 ||  1664
       Kick              |     9 |       |       |       |       ||     9
       Bite              |     8 |     6 |    21 |    50 |    19 ||   104
       Headbutt          |     4 |     1 |       |       |       ||     5
       Punch             |     2 |       |     5 |    20 |     6 ||    33
 Cast: Beastly Appendage |    23 |     5 |       |       |       ||    28
       Spider Form       |       |    12 |    17 |    17 |       ||    46
       Ice Form          |       |       |     1 |    18 |    13 ||    32
       Blade Hands       |       |       |       |    14 |    14 ||    28
 Abil: End Transformatio |       |     2 |     5 |    10 |     3 ||    20
Evoke: Wand              |       |       |       |       |     2 ||     2
  Use: Potion            |       |     2 |       |       |     1 ||     3
       Scroll            |       |       |     1 |    16 |     4 ||    21
 Stab: Sleeping          |     6 |     5 |     5 |    12 |     7 ||    35
       Distracted        |       |       |       |     3 |       ||     3
  Eat: Chunk             |     1 |     8 |    11 |    28 |    17 ||    65
       Buggy ration      |       |       |     1 |       |       ||     1
Armor: Robe              |    12 |     5 |    29 |    15 |       ||    61
       Skin              |       |     2 |     8 |    36 |    24 ||    70
       Troll leather arm |       |       |       |    61 |    38 ||    99
Dodge: Dodged            |    86 |   106 |   266 |   582 |   243 ||  1283
Block: Other             |       |    14 |    26 |       |       ||    40

Table legend:
 A = Spawn XP
 B = Non-spawn XP
 C = Spawn XP percentage of total XP
 D = Spawn monster count
 E = Non-spawn monster count
 F = Spawn count percentage of total count
 G = Total turns spent on level
                    A         B        C        D         E        F      G
               +---------+---------+-------+---------+---------+-------+---------
         Total |       0 |   55359 |   0.0 |       0 |     445 |   0.0 | 16937
               +---------+---------+-------+---------+---------+-------+---------
           D:1 |       0 |      52 |   0.0 |       0 |      29 |   0.0 |   975
           D:2 |       0 |     108 |   0.0 |       0 |      29 |   0.0 |   832
           D:3 |       0 |     195 |   0.0 |       0 |      12 |   0.0 |   532
           D:4 |       0 |     153 |   0.0 |       0 |      13 |   0.0 |   972
           D:5 |       0 |     330 |   0.0 |       0 |      16 |   0.0 |  1428
           D:6 |       0 |    1694 |   0.0 |       0 |      19 |   0.0 |  1210
           D:7 |       0 |    1160 |   0.0 |       0 |      20 |   0.0 |  1109
           D:8 |       0 |    1022 |   0.0 |       0 |      17 |   0.0 |   914
           D:9 |       0 |    2373 |   0.0 |       0 |      44 |   0.0 |   932
          D:10 |       0 |    3397 |   0.0 |       0 |      29 |   0.0 |   782
          D:11 |       0 |    3993 |   0.0 |       0 |      30 |   0.0 |   754
          D:12 |       0 |    2849 |   0.0 |       0 |      35 |   0.0 |   729
          D:13 |       0 |    6030 |   0.0 |       0 |      36 |   0.0 |   832
        Lair:1 |       0 |    3519 |   0.0 |       0 |      14 |   0.0 |   957
        Lair:2 |       0 |    7671 |   0.0 |       0 |      29 |   0.0 |  1093
        Lair:3 |       0 |    5519 |   0.0 |       0 |      17 |   0.0 |   905
        Lair:4 |       0 |    3877 |   0.0 |       0 |      22 |   0.0 |   549
        Lair:5 |       0 |    4007 |   0.0 |       0 |      10 |   0.0 |   759
        Lair:6 |       0 |    7410 |   0.0 |       0 |      24 |   0.0 |   673
               +---------+---------+-------+---------+---------+-------+---------
